 Dungeon Crawl Stone Soup version 0.20-a0-1039-gf554463 (webtiles) character file.

41 graki42 the Slasher (level 3, -4/27 HPs)
             Began as a Demonspawn Gladiator on Apr 23, 2017.
             Slain by Crazy Yiuf
             ... wielding a +2 quarterstaff of chaos
              (7 damage)
             ... on level 2 of the Dungeon.
             The game lasted 00:02:12 (682 turns).

graki42 the Slasher (Demonspawn Gladiator)           Turns: 682, Time: 00:02:13

Health: -4/27      AC:  6    Str: 14    XL:     3   Next: 32%
Magic:  3/3        EV: 13    Int:  9    God:
Gold:   107        SH:  0    Dex: 15    Spells: 2/2 levels left

rFire    . . .     SeeInvis .   a - +0 long sword
rCold    + . .     Gourm    .   (no shield)
rNeg     . . .     Faith    .   b - +0 leather armour
rPois    .         Spirit   .   c - +0 helmet
rElec    .         Reflect  .   m - +0 cloak (curse)
rCorr    .         Harm     .   (no gloves)
MR       .....                  j - +0 pair of boots
Stlth    +.........             (no amulet)
Regen    0.1/turn               (no ring)
MPRegen  0.1/turn               (no ring)

@: no status effects
A: cold resistance 1, freezing cloud immunity
a: no special abilities


You were on level 2 of the Dungeon.
You were not hungry.

You visited 1 branch of the dungeon, and saw 2 of its levels.

You collected 107 gold pieces.

Inventory:

Hand Weapons
 a - a +0 long sword (weapon)
Armour
 b - a +0 leather armour (worn)
 c - a +0 helmet (worn)
 j - a +0 pair of boots (worn)
 m - a cursed +0 cloak (worn)
Jewellery
 p - a +3 ring of intelligence {unknown}
Scrolls
 h - 4 scrolls of teleportation {unknown}
 i - a scroll of identify {unknown}
Potions
 e - a potion of degeneration {unknown}
 g - 2 potions of might {unknown}
 k - a potion of lignification {unknown}
 l - a potion of flight {unknown}
 o - a potion of mutation {unknown}
Comestibles
 f - 2 bread rations
 n - a meat ration


   Skills:
 + Level 2.2 Fighting
 + Level 3.4 Long Blades
 + Level 1.9 Throwing
 + Level 3.1 Dodging


You had 2 spell levels left.
You didn't know any spells.

Dungeon Overview and Level Annotations

Branches:
Dungeon (2/15)

Altars:

Annotations:
D:2 Crazy Yiuf


Innate Abilities, Weirdness & Mutations

Your flesh is cold resistant. (rC+)
You are immune to freezing clouds.


Message History

Crazy Yiuf hits you with a quarterstaff of chaos.
You convulse.
You barely miss Crazy Yiuf.
Crazy Yiuf is heavily wounded.
Crazy Yiuf screams, "Island!"
Crazy Yiuf hits you but does no damage.
You hit Crazy Yiuf.
Crazy Yiuf is heavily wounded.
Crazy Yiuf hits you with a quarterstaff of chaos!
You hit Crazy Yiuf.
Crazy Yiuf is severely wounded.
Crazy Yiuf hits you with a quarterstaff of chaos!
* * * LOW HITPOINT WARNING * * *
You hit Crazy Yiuf.
Crazy Yiuf is severely wounded.
Crazy Yiuf barely misses you.
You hit Crazy Yiuf.
Crazy Yiuf is severely wounded.
Crazy Yiuf hits you with a quarterstaff of chaos!
You die...

#.....##...#
..........# #.#
#.######...#
########### #.# #.#
#...# #######.# #.#
##### #.......# #.#
######### #.#
#.#######♣♣ ####
#........P♣♣ ♣♣#..)#
#.###.....P♣♣♣♣.@g.(#
#.# ##...PP.♣..♣#...#
#.# ##....♣.♣♣♣ ####
#.# ###♣♣♣♣♣ #.# #.#
#.


You could see Crazy Yiuf.

Vanquished Creatures
  An adder (D:2)
  A gnoll (D:1)
  A worm (D:2)
  3 dart slugs
  A giant cockroach (D:2)
  2 goblins (D:1)
  2 hobgoblins (D:1)
  3 kobolds
  A rat (D:2)
15 creatures vanquished.

Notes
Turn   | Place    | Note
-------+----------+-------------------------------------------
     0 | D:1      | graki42 the Demonspawn Gladiator began the quest for the Orb.
     0 | D:1      | Reached XP level 1. HP: 16/16 MP: 1/1
   128 | D:1      | Gained mutation: Your flesh is cold resistant. (rC+) [demonic ancestry]
   128 | D:1      | Reached XP level 2. HP: 22/22 MP: 2/2
   524 | D:2      | Gained mutation: You are immune to freezing clouds. [demonic ancestry]
   524 | D:2      | Reached XP level 3. HP: 22/27 MP: 3/3
   665 | D:2      | Found a runed door.
   669 | D:2      | Noticed Crazy Yiuf
   682 | D:2      | Slain by Crazy Yiuf

Vault maps used:
D:1:      eino_arrival_druids_welcome
D:2:      nemelex_xobeh_ov_fountains_minmay, minivault_11,
          uniq_crazy_yiuf_cottage

Skill      XL: |  1  2 |
---------------+-------+-----
Long Blades    | 3 |  3.4
Dodging        | 3 |  3.1
Fighting       | |  2.2
Throwing       | |  1.9

Action                   || total
-------------------------++-------
Melee: Long sword        ||    47
Throw: Throwing net      ||     3
Armor: Leather armour    ||    11
Dodge: Dodged            ||    32
       Rpst.: Long sword ||    13
